 Dungeon Crawl Stone Soup version 0.29-a0-723-gce39da1c22 (webtiles) character file.

Game seed: 7360375427197526472

1553 frimble the Trooper (level 8, -7/70 (71) HPs)
             Began as a Minotaur Hunter on June 28, 2022.
             Mangled by an orc
             ... wielding a +0 battleaxe
              (9 damage)
             ... on level 6 of the Dungeon.
             The game lasted 00:05:11 (6865 turns).

frimble the Trooper (Minotaur Hunter)               Turns: 6865, Time: 00:05:11

HP:   -7/70 (71)    AC: -9    Str: 15    XL:     8   Next: 57%
MP:   7/7           EV: 14    Int:  8    God:
Gold: 195           SH:  6    Dex: 15    Spells: 3/7 levels left

rFire   . . .      SeeInvis .   v - +0 long sword (freeze)
rCold   . . .      Faith    .   g - +1 buckler
rNeg    . . .      Spirit   .   c - +0 leather armour
rPois   .          Reflect  .   (helmet restricted)
rElec   .          Harm     .   (no cloak)
rCorr   .          Rampage  .   (no gloves)
Will    .....                   (no boots)
Stlth   ++........              (no amulet)
HPRegen 0.21/turn               (no ring)
MPRegen 0.10/turn               (no ring)

@: corroded, lightly drained
A: horns 2, retaliatory headbutt
a: no special abilities


You were on level 6 of the Dungeon.
You visited 2 branches of the dungeon, and saw 7 of its levels.

You collected 307 gold pieces.
You spent 112 gold pieces at shops.

Inventory:

Hand Weapons
 f - a +1 short sword of flaming
 k - a +2 dagger of venom
 v - a +0 long sword of freezing (weapon)
Armour
 c - a +0 leather armour (worn)
 g - a +1 buckler (worn)
Jewellery
 i - a ring of ice
 p - a ring of ice
Scrolls
 b - a scroll of immolation
 d - a scroll of enchant armour
 m - a scroll of acquirement {unknown}
 n - a scroll of brand weapon
 o - 2 scrolls of teleportation
 w - a scroll of identify
Potions
 a - a potion of brilliance
 e - a potion of ambrosia {unknown}
 h - 5 potions of curing
 j - a potion of heal wounds
 l - a potion of berserk rage
 q - a potion of mutation
 r - 2 potions of cancellation {unknown}
 s - 2 potions of lignification
 t - 2 potions of invisibility {unknown}
 u - 3 potions of haste {unknown}


   Skills:
 + Level 6.5 Fighting
 - Level 4.8(5.0) Short Blades
 + Level 1.8(3.8) Long Blades
 - Level 4.4 Ranged Weapons
 + Level 6.0 Dodging
 - Level 1.1 Stealth
 + Level 5.8 Shields
 + Level 1.9 Translocations
 - Level 0.6 Transmutations
 - Level 0.3 Fire Magic
 - Level 0.3 Poison Magic


You had 3 spell levels left.
You knew the following spells:

 Your Spells              Type           Power      Damage    Failure   Level
a - Apportation           Tloc           6%         N/A       32%         1
b - Ignite Poison         Fire/Tmut/Pois 0%         N/A       87%         3

Your spell library contained the following spells:

 Spells                   Type           Power      Damage    Failure   Level
 Portal Projectile        Hex/Tloc       2%         N/A       82%         3
 Conjure Flame            Conj/Fire      0%         6-21      89%         3
 Call Canine Familiar     Summ           0%         N/A       91%         3
 Iskenderun's Mystic Bla  Conj/Tloc      1%         2d3       99%         4
 Fulminant Prism          Conj/Hex       0%         3d6       100%        4
 Leda's Liquefaction      Hex/Erth       0%         N/A       100%        4
 Sticky Flame             Conj/Fire      0%         2d3       100%        4
 Alistair's Intoxication  Tmut/Pois      0%         N/A       100%        5
 Lee's Rapid Deconstruct  Erth           0%         3d5*      100%        5


Dungeon Overview and Level Annotations

Branches:
Dungeon (6/15)             Temple (1/1) D:5

Altars:
Ashenzari
Cheibriados
Dithmenos
Elyvilon
Fedhas
Gozag
Hepliaklqana
Kikubaaqudgha
Makhleb
Qazlal
Ru
Sif Muna
Trog
Uskayaw
Vehumet
Wu Jian
Xom
Yredelemnul
Zin
The Shining One

Shops:
D:1 [   D:2 (   D:3 !


Innate Abilities, Weirdness & Mutations

You have a pair of horns on your head.
You reflexively headbutt those who attack you in melee.


Message History

You see here a +0 club.
Found a potion of degeneration.
The orc shouts!
The jelly quivers.
There are monsters nearby!
There are monsters nearby!
You hit the jelly. You freeze the jelly. The acid corrodes you!
Your hands burn!
The jelly is moderately wounded.
The jelly hits you.
You are splashed with acid.
The jelly hits you. The acid corrodes you!
You are splashed with acid!
You are too injured to fight recklessly!
You are too injured to fight recklessly!
You are too injured to fight recklessly!
You are too injured to fight recklessly!
You are too injured to fight recklessly!
You are too injured to fight recklessly!
You are too injured to fight recklessly!
You hit the jelly but do no damage.
Your hands burn!
The jelly is moderately wounded.
You block the orc's attack. The jelly hits you.
You are splashed with acid!
You hit the jelly. You freeze the jelly.
Your hands burn!
The jelly is severely wounded.
The orc barely misses you. You furiously retaliate!
You headbutt the orc, but do no damage. You block the jelly's attack.
You hit the jelly but do no damage. The acid corrodes you!
Your hands burn!
You headbutt the jelly, but do no damage.
The jelly is severely wounded.
The orc hits you with a +0 battleaxe.
* * * LOW HITPOINT WARNING * * *
The jelly hits you.
* * * LOW HITPOINT WARNING * * *
You are splashed with acid!
* * * LOW HITPOINT WARNING * * *
The jelly hits you.
* * * LOW HITPOINT WARNING * * *
You are splashed with acid.
* * * LOW HITPOINT WARNING * * *
The orc hits you with a +0 battleaxe!
You die...

# #..#?.####.# #
#.#.#.# # # #.###.### #
. .... .. #> # #. #..#
...#. # # #. #..#
#.#.## #.#.####..#
#..... #.........###!##
#..... #....o@J.....#
#.....
####..#.#....#####.....
#.)#.#..... ........
#..#.#.##.#####.....
#..#.#..............
#..#...>............
#..##.<.##.#####....
##.#.#.#.#.# ###..
#.......#.#####....


You could see a jelly and an orc.

Vanquished Creatures
  A water moccasin (D:6)
  An ice beast (D:5)
  2 black bears
  2 ogres
  A bullfrog (D:4)
  4 necrophages
  2 scorpions
  A howler monkey (D:6)
  A quasit (D:4)
  5 hounds
  Natasha (thrice) (D:3)
  Terence (D:2)
  3 iguanas
  6 adders
  2 shadow imps
  2 white imps (D:4)
  A worm (D:2)
  A dart slug (D:2)
  13 orcs
  2 bats
  9 endoplasms
  3 giant cockroaches
  4 goblins
  7 hobgoblins
  2 jackals (D:2)
  7 quokkas
  3 ball pythons
  2 frilled lizards (D:1)
  6 kobolds
  9 rats
  A spectral kobold (D:1)
107 creatures vanquished.

Notes
Turn   | Place    | Note
-------+----------+-------------------------------------------
     0 | D:1      | frimble the Minotaur Hunter began the quest for the Orb.
     0 | D:1      | Reached XP level 1. HP: 18/18 MP: 0/0
   103 | D:1      | Found a faded altar of an unknown god.
   111 | D:1      | Reached skill level 1 in Stealth
   374 | D:1      | Reached XP level 2. HP: 25/25 MP: 1/1
   545 | D:1      | Reached skill level 1 in Shields
   760 | D:1      | Found Zylyl's Armour Boutique.
  1128 | D:2      | Reached XP level 3. HP: 29/30 MP: 2/2
  1226 | D:2      | Reached skill level 1 in Short Blades
  1234 | D:2      | Found Cesocadu's Antique Weapon Shop.
  1543 | D:2      | Noticed Terence
  1564 | D:2      | Killed Terence
  1565 | D:2      | Reached XP level 4. HP: 17/38 MP: 3/3
  2249 | D:3      | Found Puevuahu's Distillery.
  2307 | D:3      | Bought a potion of curing for 42 gold pieces
  2307 | D:3      | Bought a potion of heal wounds for 70 gold pieces
  2452 | D:3      | Noticed Natasha
  2458 | D:3      | Killed Natasha
  2599 | D:3      | Found a stormy altar of Qazlal.
  2705 | D:3      | Noticed Natasha
  2714 | D:3      | Killed Natasha
  2715 | D:3      | Reached XP level 5. HP: 27/46 MP: 4/4
  2727 | D:3      | Noticed Natasha
  2843 | D:3      | Killed Natasha
  3445 | D:4      | Reached XP level 6. HP: 39/53 MP: 5/5
  4185 | D:4      | Found a white marble altar of Elyvilon.
  4426 | D:4      | Reached skill level 5 in Fighting
  4426 | D:4      | Reached XP level 7. HP: 45/61 MP: 6/6
  4709 | D:5      | Entered Level 5 of the Dungeon
  4825 | D:5      | Reached skill level 5 in Dodging
  5081 | D:5      | Learned a level 1 spell: Apportation
  5081 | D:5      | Found a staircase to the Ecumenical Temple.
  5098 | Temple   | Entered the Ecumenical Temple
  5443 | D:5      | Reached skill level 5 in Shields
  5591 | D:5      | Reached skill level 1 in Translocations
  5591 | D:5      | Reached XP level 8. HP: 37/70 MP: 7/7
  6114 | D:5      | Learned a level 3 spell: Ignite Poison
  6542 | D:6      | Reached skill level 1 in Long Blades
  6865 | D:6      | HP: 2/70 [acid (6)]
  6865 | D:6      | Mangled by an orc

Illustrated notes

Levels and vault maps discovered:
D:1:      wander_arrival_peaceful_grave, layout_loops_cross,
          dreamdust_ecumenical_altar_drowned_temple, serial_shops,
          nicolae_shop_statue_plus
D:2:      layout_basic, serial_shops, nicolae_shop_statue_plus,
          minmay_misc_feat_columns, guppyfry_early_orc_mine, uniq_terence
D:3:      layout_loops_ring, mainiacjoe_overflow_six_doors_small, serial_shops,
          nicolae_shop_crystal, minmay_misc_feat_room, uniq_natasha
D:4:      layout_basic, general_overflow_altar, serial_demonic,
          serial_demonic_e, serial_demonic_f, serial_demonic_b,
          serial_demonic_d, serial_demonic_b
D:5:      layout_loops_ring, minmay_temple_entry_glass
D:6:      layout_loops_ring
Temple:   mainiacjoe_temple_bowtie_tessellation

Skill      XL: |  1  2  3  4  5  6  7  8 |
---------------+-------------------------+-----
Stealth        | 1 |  1.1
Shields        | 1 2 3 4 5 |  5.8
Fighting       | 3 4 5 6 |  6.5
Short Blades   | 1 2 3 4 |  4.8
Dodging        | 3 4 5 6 |  6.0
Translocations | 1 |  1.9
Long Blades    | 1 |  1.8
Ranged Weapons | |  4.4
Transmutations | |  0.6
Fire Magic     | |  0.3
Poison Magic   | |  0.3

Action                   |  1- 3 |  4- 6 |  7- 9 || total
-------------------------+-------+-------+-------++-------
Melee: Unarmed           |    26 |       |       ||    26
       Headbutt          |    11 |    17 |    35 ||    63
       Short sword       |    78 |     8 |       ||    86
       Punch             |     2 |     1 |       ||     3
       Dagger            |       |    99 |    98 ||   197
       Long sword        |       |       |    30 ||    30
 Fire: Shortbow          |     1 |       |       ||     1
  Use: Scroll            |     3 |     8 |     4 ||    15
       Potion            |     2 |     1 |       ||     3
 Stab: Sleeping          |     1 |     5 |     1 ||     7
Armor: Leather armour    |    20 |    15 |    20 ||    55
       Skin              |     9 |       |       ||     9
Dodge: Dodged            |    68 |    63 |    71 ||   202
Block: Buckler           |       |    10 |    44 ||    54

Table legend: (Time is in decaauts)
 A = Elapsed time spent in this place.
 B = Non-inter-level travel time spent in this place.
 C = Inter-level travel time spent in this place.
 D = Time resting spent in this place.
 E = Time spent auto-exploring this place.
 F = Levels seen in this place.
 G = Mean time per level.
                   A        B        C        D        E       F      G
               +--------+--------+--------+--------+--------+-----+--------+
         Total |   6857 |   6579 |    278 |    366 |   5395 |   7 |  979.6 |
       Dungeon |   6626 |   6380 |    246 |    366 |   5209 |   6 | 1104.3 |
        Temple |    230 |    199 |     31 |      0 |    186 |   1 |  230.0 |
               +--------+--------+--------+--------+--------+-----+--------+

Top non-repeatable levels by time:
     D:4: 1574 daAuts
     D:5: 1491 daAuts
     D:2: 1131 daAuts
     D:1: 1103 daAuts
     D:3: 897 daAuts
     D:6: 427 daAuts
  Temple: 230 daAuts
